 Dungeon Crawl Stone Soup version 0.22-a0-456-g11ed031 (webtiles) character file.

16515 pk666 the Thaumaturge (level 12, -7/59 HPs)
             Began as a Deep Elf Fire Elementalist on June 7, 2018.
             Was a Priest of Vehumet.
             Killed from afar by an ice statue (9 damage)
             ... with a bolt of cold
             ... in an ice cave.
             The game lasted 00:59:56 (15427 turns).

pk666 the Thaumaturge (Deep Elf Fire Elementalist) Turns: 15427, Time: 00:59:57

Health: -7/59      AC:  6    Str:  5    XL:     12   Next: 10%
Magic:  14/31      EV: 16    Int: 26    God:    Vehumet [***...]
Gold:   804        SH:  0    Dex: 15    Spells: 15/38 levels left

rFire    + + .     SeeInvis .   B - staff of wizardry
rCold    + . .     Gourm    .   (no shield)
rNeg     . . .     Faith    .   a - +0 robe
rPois    +         Spirit   .   (no helmet)
rElec    +         Reflect  .   y - +1 cloak
rCorr    +         Harm     +   o - +0 pair of gloves
MR       ++...                  v - +0 pair of boots
Stlth    ++........             l - amulet of harm
HPRegen  0.19/turn              k - ring of protection from magic
MPRegen  0.22/turn              h - ring of protection from fire

@: resistant
A: no striking features
a: Renounce Religion


You were in an ice cave.
You worshipped Vehumet.
Vehumet was most pleased with you.
You were not hungry.

You visited 3 branches of the dungeon, and saw 13 of its levels.
You also visited: Ossuary and Ice Cave.

You collected 804 gold pieces.

Inventory:

Hand Weapons
 F - the +3 morningstar of Daejikuj {crush, Dex+2 SInv}
   (You found it on level 7 of the Dungeon)

   It inflicts extra damage upon your enemies.
   It affects your dexterity (+2).
   It lets you see invisible.
Armour
 a - a +0 robe (worn)
 o - a +0 pair of gloves (worn)
 v - a +0 pair of boots (worn)
 y - a +1 cloak (worn)
Magical Staves
 B - an uncursed staff of wizardry (weapon)
 E - an uncursed staff of poison
Jewellery
 h - a ring of protection from fire (right hand)
 k - a ring of protection from magic (left hand)
 l - an amulet of harm (around neck)
 I - an uncursed ring of protection from fire
 J - an uncursed amulet of the acrobat {unknown}
Wands
 x - a wand of flame (49)
 G - a wand of iceblast (9)
Scrolls
 e - 2 scrolls of blinking {unknown}
 f - 5 scrolls of identify
 i - 3 scrolls of fog
 m - a scroll of enchant armour
 q - 6 scrolls of remove curse
 t - 4 scrolls of enchant weapon
 A - 3 scrolls of random uselessness
 C - a scroll of immolation {unknown}
 D - 8 scrolls of teleportation
 H - a scroll of amnesia
 L - a scroll of summoning {unknown}
Potions
 b - 3 potions of haste
 g - a potion of invisibility
 j - 2 potions of berserk rage
 n - 5 potions of resistance
 p - 2 potions of flight
 r - 8 potions of curing
 u - 3 potions of agility
 w - 2 potions of might
 z - a potion of cancellation {unknown}
Miscellaneous
 K - a lamp of fire (inert)
Comestibles
 c - 17 rations


   Skills:
 + Level 6.1 Dodging
 - Level 2.4 Stealth
 + Level 13.5 Spellcasting
 + Level 12.3 Conjurations
 - Level 4.0 Charms
 - Level 4.0 Necromancy
 + Level 11.8 Fire Magic


You had 15 spell levels left.
You knew the following spells:

 Your Spells              Type           Power        Failure   Level  Hunger
a - Flame Tongue          Conj/Fire      #####        0%          1    None
b - Sticky Flame          Conj/Fire      ######..     1%          4    None
c - Conjure Flame         Conj/Fire      ######..     1%          3    None
d - Mephitic Cloud        Conj/Pois/Air  #####...     1%          3    None
e - Apportation           Tloc           ###...       1%          1    None
f - Regeneration          Chrm/Necr      #####.....   1%          3    None
x - Ignite Poison         Fire/Tmut/Pois #####...     1%          3    None
z - Fireball              Conj/Fire      ######....   1%          5    ##.....

Your spell library contained the following spells:

 Spells                   Type           Power        Failure   Level  Hunger
 Confuse                  Hex            ###.....     4%          3    None
 Throw Flame              Conj/Fire      ######       1%          2    None
 Freezing Cloud           Conj/Ice/Air   #####.....   10%         6    ####...
 Ring of Flames           Chrm/Fire      ######....   38%         7    ######.
 Summon Small Mammal      Summ           ###.         1%          1    None
 Animate Dead             Necr           N/A          2%          4    None
 Pain                     Necr           ####         1%          1    None
 Animate Skeleton         Necr           N/A          1%          1    None
 Vampiric Draining        Necr           #####.....   1%          3    None
 Freeze                   Ice            ###.         1%          1    None
 Summon Ice Beast         Ice/Summ       ###.....     13%         4    None
 Ozocubu's Armour         Chrm/Ice       ####....     1%          3    None
 Call Imp                 Summ           ###.....     1%          2    None
 Tukima's Dance           Hex            ###.....     4%          3    None
 Ice Form                 Ice/Tmut       ###.....     13%         4    None
 Throw Icicle             Conj/Ice       #####...     1%          4    None
 Confusing Touch          Hex            ###...       1%          1    None
 Call Canine Familiar     Summ           ###.....     4%          3    None
 Ensorcelled Hibernation  Hex/Ice        ###...       1%          2    None
 Metabolic Englaciation   Hex/Ice        ###.......   32%         5    ##.....
 Corona                   Hex            ###....      1%          1    None
 Simulacrum               Ice/Necr       ####......   61%         6    ####...
 Petrify                  Tmut/Erth      ###.....     13%         4    None
 Inner Flame              Hex/Fire       #####...     1%          3    None
 Dazzling Spray           Conj/Hex       #####.       1%          3    None
 Summon Lightning Spire   Summ/Air       ###.....     13%         4    None
 Summon Guardian Golem    Hex/Summ       ###.....     4%          3    None
 Gell's Gravitas          Tloc           ###.......   4%          3    None
 Yara's Violent Unravell  Hex/Tmut       ###.......   10%         5    ##.....
 Poisonous Vapours        Pois/Air       ###...       1%          2    None


Dungeon Overview and Level Annotations

Branches:
Dungeon (9/15)             Temple (1/1) D:5            Lair (3/6) D:9
 Shoals (0/4) Lair:3        Snake (0/4) Lair:3          Orc (0/2) D:9

Altars:
Ashenzari
Cheibriados
Dithmenos
Elyvilon
Fedhas
Gozag
Hepliaklqana
Kikubaaqudgha
Makhleb
Nemelex Xobeh
Okawaru
Qazlal
Ru
Sif Muna
Trog
Uskayaw
Vehumet
Wu Jian
Xom
Yredelemnul
Zin
The Shining One

Annotations:
D:2 Sigmund
D:6 2 transporters IceCv exclusion: ice statue


Message History

Press: ? - help, Shift-Dir - straight line, f - ice statue
Aim: an ice statue The fireball explodes!
The fireball engulfs the ice statue.
The ice statue melts!
The ice statue is lightly damaged.
The ice statue gestures at you. The freezing blast engulfs you!
* * * LOW HITPOINT WARNING * * *
You feel much better.
You are engulfed in freezing vapours.
* * * LOW HITPOINT WARNING * * *
Okay, then.
Okay, then.
You feel protected.
You are engulfed in freezing vapours.
You resist.
* * * LOW HITPOINT WARNING * * *
You feel better.
You are engulfed in freezing vapours.
You resist.
* * * LOW HITPOINT WARNING * * *
The ice statue gestures at you. The bolt of cold hits you! You resist.
You die...

####
##...####
........##
.........##
..........##
8..........#
.?....§@§..#
|.!...§§§∩.#
.}....§§§..#
8..8.......#
..........##
.........##
........##
##...####
####


You could see an ice statue.

Vanquished Creatures
  The ghost of Qupu the Cleaver, a journeyman MiBe of Trog (Lair:2)
  A two-headed ogre (D:8)
  The ghost of Slunt the Slicer, a novice HaAs of Nemelex Xobeh (D:9)
  The ghost of xccam the Grappler, a novice DrTm of Qazlal (D:8)
  Pikel (D:6)
  2 ugly things (IceCv)
  4 spiny frogs
  2 ice statues
  A komodo dragon (Lair:1)
  Prince Ribbit (D:9)
  The ghost of Slunt the Skirmisher, an amateur HaAs of Nemelex Xobeh (D:5)
  9 blink frogs (Lair:2)
  3 hippogriffs
  9 yaks
  2 basilisks
  A steam dragon (D:8)
  Edmund (D:6)
  4 water moccasins
  A slave (D:6)
  8 porcupines
  2 sky beasts
  An orc warrior (D:6)
  A black bear (D:9)
  A hornet zombie (D:8)
  A necrophage (D:8)
  16 ice beasts
  2 phantoms
  4 wolves
  5 ogres
  3 centaurs
  4 crocodiles
  Blork the orc (D:6)
  6 bullfrogs
  A water moccasin zombie (D:5)
  A scorpion (D:6)
  4 killer bees (D:8)
  4 wights (D:9)
  A howler monkey (D:5)
  A human zombie (Ossuary)
  A centaur zombie (Ossuary)
  A jelly (D:6)
  Crazy Yiuf (D:5)
  4 hounds
  3 orc priests
  2 orc wizards (D:9)
  2 centaur skeletons
  3 bullfrog skeletons
  3 iguanas
  Terence (D:3)
  3 worker ants
  2 hound skeletons
  4 mummies
  A worker ant zombie (D:5)
  A howler monkey zombie (D:5)
  3 gnolls (D:5)
  4 adders
  An ooze (D:3)
  An adder skeleton (D:9)
  A worm (D:3)
  A dart slug (D:2)
  9 leopard geckos
  11 orcs
  5 giant cockroaches
  A gnoll zombie (Ossuary)
  6 goblins
  7 hobgoblins
  5 jackals
  5 kobolds
  3 quokkas
  2 ball pythons
  2 bats (D:1)
  4 frilled lizards
  2 goblin zombies (Ossuary)
  2 jackal skeletons
  3 kobold zombies (Ossuary)
  A leopard gecko skeleton (D:4)
  A leopard gecko zombie (D:6)
  5 rats
  A bush (D:9)
  2 plants
233 creatures vanquished.

Vanquished Creatures (others)
  2 fungi (Lair:2)
  3 plants (D:9)
5 creatures vanquished.

Grand Total: 238 creatures vanquished

Notes
Turn   | Place    | Note
-------+----------+-------------------------------------------
     0 | D:1      | pk666 the Deep Elf Fire Elementalist began the quest for the Orb.
     0 | D:1      | Reached XP level 1. HP: 10/10 MP: 6/6
   232 | D:1      | Reached XP level 2. HP: 15/15 MP: 4/8
   887 | D:2      | Noticed Sigmund
  1055 | D:2      | Reached XP level 3. HP: 19/19 MP: 8/10
  2271 | D:3      | Noticed Terence
  2509 | D:3      | Killed Terence
  2531 | D:3      | Reached XP level 4. HP: 24/24 MP: 7/11
  2540 | D:3      | Learned a level 4 spell: Sticky Flame
  2544 | D:3      | Learned a level 3 spell: Conjure Flame
  2785 | D:3      | Reached skill level 4 in Spellcasting
  2802 | D:3      | Found a glowing drain.
  3142 | D:4      | Noticed a phantom
  3531 | D:3      | Killed a phantom
  3531 | D:3      | Reached XP level 5. HP: 13/28 MP: 0/13
  3750 | D:4      | Reached XP level 6. HP: 32/32 MP: 9/15
  4198 | D:5      | Entered Level 5 of the Dungeon
  4452 | D:5      | Noticed Slunt's ghost (amateur HaAs)
  4454 | D:5      | Reached skill level 5 in Spellcasting
  4463 | D:4      | Reached skill level 5 in Conjurations
  4613 | D:5      | Found a white marble altar of Elyvilon.
  4627 | D:5      | Reached skill level 5 in Fire Magic
  4779 | D:5      | Found a runed door.
  4783 | D:5      | Noticed Crazy Yiuf
  4786 | D:5      | Killed Crazy Yiuf
  5067 | D:5      | Found a staircase to the Ecumenical Temple.
  5076 | Temple   | Entered the Ecumenical Temple
  5436 | D:5      | Killed Slunt's ghost
  5436 | D:5      | Reached XP level 7. HP: 36/36 MP: 7/17
  5467 | D:5      | Reached skill level 6 in Spellcasting
  6329 | D:6      | Found a sand-covered staircase.
  6360 | Ossuary  | Entered an ossuary
  6827 | D:6      | Found a transporter.
  6847 | D:6      | Reached XP level 8. HP: 41/41 MP: 5/20
  6953 | D:6      | Learned a level 5 spell: Fireball
  7014 | D:6      | Reached skill level 7 in Spellcasting
  7053 | D:6      | Noticed Blork the orc
  7064 | D:6      | Killed Blork the orc
  7221 | D:6      | Noticed Pikel
  7245 | D:6      | Killed Pikel
  7245 | D:6      | Reached skill level 8 in Spellcasting
  7552 | D:6      | Found a radiant altar of Vehumet.
  7553 | D:6      | Found a burning altar of Makhleb.
  7558 | D:6      | Became a worshipper of Vehumet
  7794 | D:6      | Noticed a kobold demonologist
  7794 | D:6      | Noticed Edmund
  7805 | D:6      | Killed Edmund
  7886 | D:6      | Found a transporter.
  8142 | D:6      | Reached XP level 9. HP: 45/45 MP: 16/23
  8460 | D:7      | Reached skill level 9 in Spellcasting
  9001 | D:7      | Noticed an ice statue
  9007 | D:7      | Killed an ice statue
  9104 | D:7      | Got a twisted morningstar
  9140 | D:7      | Identified the +3 morningstar of Daejikuj {crush, Dex+2 SInv} (You found it on level 7 of the Dungeon)
  9374 | D:8      | Noticed xccam's ghost (novice DrTm)
  9568 | D:8      | Reached * piety under Vehumet
  9568 | D:8      | Offered knowledge of Magic Dart by Vehumet.
  9802 | D:8      | Reached skill level 10 in Spellcasting
  9843 | D:8      | Killed xccam's ghost
  9997 | D:8      | Reached skill level 10 in Conjurations
 10092 | D:8      | Noticed a two-headed ogre
 10099 | D:8      | Killed a two-headed ogre
 10099 | D:8      | Reached XP level 10. HP: 50/50 MP: 5/26
 10209 | D:8      | Found a hazy altar of Hepliaklqana.
 10342 | D:8      | Reached skill level 11 in Spellcasting
 10904 | D:9      | Reached skill level 10 in Fire Magic
 11117 | D:9      | Found a staircase to the Lair.
 11246 | D:9      | Found a staircase to the Orcish Mines.
 11287 | D:9      | Offered knowledge of Searing Ray by Vehumet.
 11289 | D:9      | Noticed Prince Ribbit
 11291 | D:9      | Killed Prince Ribbit
 11300 | D:8      | Reached ** piety under Vehumet
 11312 | D:9      | Noticed Slunt's ghost (novice HaAs)
 11562 | D:9      | Killed Slunt's ghost
 11562 | D:9      | Reached skill level 12 in Spellcasting
 11804 | D:9      | Found a hazy altar of Hepliaklqana.
 11806 | D:9      | Found a bloodstained altar of Trog.
 11806 | D:9      | Found a glowing silver altar of Zin.
 11806 | D:9      | Found a shimmering altar of Xom.
 11854 | D:9      | Found a deep blue altar of Sif Muna.
 11854 | D:9      | Found a basalt altar of Yredelemnul.
 11992 | D:9      | Identified the Almanac of the Glacier
 12115 | D:9      | Offered knowledge of Ignite Poison by Vehumet.
 12115 | D:9      | Reached XP level 11. HP: 54/54 MP: 22/29
 12120 | D:9      | Learned a level 3 spell: Mephitic Cloud
 12124 | D:9      | Learned a level 3 spell: Ignite Poison
 12128 | D:9      | Learned a level 3 spell: Regeneration
 12878 | Lair:1   | Entered Level 1 of the Lair of Beasts
 12883 | Lair:1   | Reached skill level 1 in Charms
 12883 | Lair:1   | Reached skill level 1 in Necromancy
 14311 | Lair:2   | Reached *** piety under Vehumet
 14446 | Lair:2   | Noticed Qupu's ghost (journeyman MiBe)
 14482 | Lair:2   | Killed Qupu's ghost
 14482 | Lair:2   | Reached skill level 13 in Spellcasting
 15068 | Lair:3   | Found a frozen archway.
 15083 | Lair:3   | Reached skill level 5 in Dodging
 15092 | Lair:3   | Offered knowledge of Static Discharge by Vehumet.
 15269 | IceCv    | Entered an ice cave
 15269 | IceCv    | Noticed a white ugly thing
 15277 | IceCv    | Killed a white ugly thing
 15277 | IceCv    | Reached XP level 12. HP: 45/59 MP: 13/31
 15362 | IceCv    | Found a transporter.
 15415 | IceCv    | Learned a level 1 spell: Apportation
 15426 | IceCv    | HP: 1/59 [ice statue] (12)]
 15427 | IceCv    | Killed from afar by an ice statue

Vault maps used:
D:1:      sevenhm_arrival_forest_fort_large_4, serial_forest,
          infiniplex_forest_straight_2, infiniplex_forest_straight_3,
          infiniplex_forest_side_room, infiniplex_forest_clump_curved,
          infiniplex_forest_lined_room_3, infiniplex_forest_clump_tiny,
          infiniplex_forest_clump_medium, serial_bayou_pond_b
D:2:      minmay_fountain_box, uniq_sigmund
D:3:      gup_sewer_entry_bubbles, uniq_terence
D:4:      first_ration, minivault_19
D:5:      minmay_opposing_rooms, lemuel_temple_firewalk_b, basic_altar,
          uniq_crazy_yiuf_cottage
D:6:      gammafunk_wand_slinger, grunt_temple_overflow_lords_of_destruction,
          gup_ossuary_entry_pyramid, kennysheep_potato, uniq_edmund, uniq_pikel,
          uniq_blork_the_orc
D:7:      lemuel_ice_statue
D:8:      basic_altar
D:9:      kennysheep_blocky_hall, minmay_overflow_temple_hex,
          minmay_lair_entry_grove, orc_0_dummy, uniq_prince_ribbit1
Temple:   minmay_temple_curvy_branch
Lair:2:   serial_bayou_pond_e
Lair:3:   elwin_shoals_entry_stream, guppyfry_snake_entry_island,
          portal_ice_cave_entry_ice_beasts, serial_bayou_pond_a,
          nicolae_quartered_pool_little, grunt_forest_large_clearings
Ossuary:  ossuary_crypta
IceCv:    ice_cave_statue_garden_transporter

Skill      XL: |  1  2  3  4  5  6  7  8  9 10 11 12 |
---------------+-------------------------------------+-----
Conjurations   | 2 3 4 6 7 8 10 11 12 | 12.3
Fire Magic     | 4 5 6 7 9 10 11 | 11.8
Spellcasting   | 4 5 6 8 10 12 13 | 13.5
Charms         | 4 |  4.0
Necromancy     | 4 |  4.0
Dodging        | 5 6 |  6.1
Stealth        | |  2.4

Action                   |  1- 3 |  4- 6 |  7- 9 | 10-12 || total
-------------------------+-------+-------+-------+-------++-------
Melee: Unarmed           |       |    14 |    17 |       ||    31
       Battleaxe         |       |    18 |       |       ||    18
       Staff             |       |       |    12 |     9 ||    21
 Cast: Flame Tongue      |    58 |    72 |   167 |    44 ||   341
       Conjure Flame     |       |     7 |    25 |     9 ||    41
       Fireball          |       |       |    22 |    90 ||   112
       Sticky Flame      |       |       |     3 |     6 ||     9
       Mephitic Cloud    |       |       |       |     2 ||     2
       Ignite Poison     |       |       |       |     2 ||     2
Evoke: Wand              |       |       |       |    19 ||    19
       Lamp of fire      |       |       |       |     1 ||     1
  Use: Scroll            |     7 |       |    10 |     3 ||    20
       Potion            |       |     2 |     4 |     6 ||    12
  Eat: Chunk             |     3 |     8 |     7 |    15 ||    33
       Ration            |     1 |       |     3 |     3 ||     7
Armor: Robe              |     3 |     7 |    15 |    12 ||    37
Dodge: Dodged            |    14 |    32 |    41 |    42 ||   129

Table legend:
 A = Spawn XP
 B = Non-spawn XP
 C = Spawn XP percentage of total XP
 D = Spawn monster count
 E = Non-spawn monster count
 F = Spawn count percentage of total count
 G = Total turns spent on level
                    A         B        C        D         E        F      G
               +---------+---------+-------+---------+---------+-------+---------
         Total |       0 |   23594 |   0.0 |       0 |     229 |   0.0 | 15427
               +---------+---------+-------+---------+---------+-------+---------
           D:1 |       0 |      34 |   0.0 |       0 |      20 |   0.0 |  1132
           D:2 |       0 |      18 |   0.0 |       0 |       8 |   0.0 |  1173
           D:3 |       0 |     229 |   0.0 |       0 |      16 |   0.0 |  1282
           D:4 |       0 |     189 |   0.0 |       0 |       8 |   0.0 |   751
           D:5 |       0 |     678 |   0.0 |       0 |      19 |   0.0 |  1751
           D:6 |       0 |    1533 |   0.0 |       0 |      20 |   0.0 |  1539
           D:7 |       0 |     791 |   0.0 |       0 |       6 |   0.0 |  1264
           D:8 |       0 |    3512 |   0.0 |       0 |      27 |   0.0 |  1634
           D:9 |       0 |    3984 |   0.0 |       0 |      37 |   0.0 |  1803
        Lair:1 |       0 |    1960 |   0.0 |       0 |       9 |   0.0 |   738
        Lair:2 |       0 |    5607 |   0.0 |       0 |      24 |   0.0 |  1304
        Lair:3 |       0 |    2678 |   0.0 |       0 |      15 |   0.0 |   226
       Ossuary |       0 |     155 |   0.0 |       0 |      11 |   0.0 |   443
         IceCv |       0 |    2226 |   0.0 |       0 |       9 |   0.0 |   158
               +---------+---------+-------+---------+---------+-------+---------
